 Dungeon Crawl Stone Soup version 0.21-a0-437-ge5bf024 (webtiles) character file.

45 tof the Twirler (level 3, -4/30 HPs)
             Began as a Minotaur Gladiator on Nov 9, 2017.
             Slain by a gnoll
             ... wielding a +0 halberd
              (6 damage)
             ... on level 2 of the Dungeon.
             The game lasted 00:01:05 (1031 turns).

tof the Twirler (Minotaur Gladiator)                Turns: 1031, Time: 00:01:06

Health: -4/30      AC:  3    Str: 18    XL:     3   Next: 42%
Magic:  2/2        EV: 13    Int:  5    God:
Gold:   45         SH:  0    Dex: 12    Spells: 2/2 levels left

rFire    . . .     SeeInvis .   o - +0 mace (curse)
rCold    . . .     Gourm    .   (no shield)
rNeg     . . .     Faith    .   b - +0 leather armour
rPois    .         Spirit   .   c - +0 hat
rElec    .         Reflect  .   (no cloak)
rCorr    .         Harm     .   (no gloves)
MR       .....                  (no boots)
Stlth    +.........             (no amulet)
HPRegen  0.10/turn              (no ring)
MPRegen  0.08/turn              (no ring)

@: no status effects
A: retaliatory headbutt, horns 2
a: no special abilities


You were on level 2 of the Dungeon.
You were not hungry.

You visited 1 branch of the dungeon, and saw 2 of its levels.

You collected 45 gold pieces.

Inventory:

Hand Weapons
 a - a +0 quarterstaff
 o - a cursed +0 mace (weapon)
Missiles
 d - 3 throwing nets (quivered)
 p - 38 stones
Armour
 b - a +0 leather armour (worn)
 c - a +0 hat (worn)
Jewellery
 l - an uncursed ring of see invisible {unknown}
Scrolls
 e - 2 scrolls of recharging {unknown}
 j - a scroll of noise {unknown}
 k - a scroll of immolation {unknown}
Potions
 h - a potion of brilliance {unknown}
 i - a potion of agility {unknown}
 m - a potion of degeneration {unknown}
 n - a potion of curing {unknown}
Comestibles
 f - a bread ration
 g - a meat ration


   Skills:
 + Level 2.9 Fighting
 * Level 4.3 Staves
 + Level 2.3 Throwing
 + Level 1.4 Armour
 + Level 3.6 Dodging


You had 2 spell levels left.
You didn't know any spells.

Dungeon Overview and Level Annotations

Branches:
Dungeon (2/15)

Altars:


Innate Abilities, Weirdness & Mutations

You reflexively headbutt those who attack you in melee.
You have a pair of horns on your head.


Message History

There are monsters nearby!
You are too injured to fight recklessly!
There are monsters nearby!
You are too injured to fight recklessly!
The hobgoblin hits you but does no damage.
The gnoll hits you from afar with a halberd!
* * * LOW HITPOINT WARNING * * *
You hit the hobgoblin.
The hobgoblin is lightly wounded.
The hobgoblin hits you.
* * * LOW HITPOINT WARNING * * *
The gnoll closely misses you. The hobgoblin barely misses you.
You sock the hobgoblin!
You kill the hobgoblin!
The gnoll barely misses you. The gnoll hits you with a halberd.
* * * LOW HITPOINT WARNING * * *
The gnoll barely misses you.
You hit the gnoll but do no damage. The gnoll hits you with a halberd.
You die...

##########
#........#
#........#########
#......<.........
#........####...#
#.......(# ...#
#######.## ...#
#.#####>..#
#...@gg...#
######b...#
##....... ....###
...## ..... ..####
...


You could see 2 gnolls and a bat.

Vanquished Creatures
  2 dart slugs (D:1)
  4 leopard geckos
  2 giant cockroaches (D:1)
  5 hobgoblins
  8 jackals (D:1)
  3 bats
  A frilled lizard (D:1)
  4 goblins (D:1)
  A kobold (D:1)
  A rat (D:1)
31 creatures vanquished.

Notes
Turn   | Place    | Note
-------+----------+-------------------------------------------
     0 | D:1      | tof the Minotaur Gladiator began the quest for the Orb.
     0 | D:1      | Reached XP level 1. HP: 18/18 MP: 0/0
    83 | D:1      | Reached XP level 2. HP: 25/25 MP: 1/1
   109 | D:1      | Reached skill level 4 in Staves
   294 | D:1      | Reached skill level 1 in Armour
   484 | D:1      | Reached XP level 3. HP: 28/30 MP: 2/2
  1031 | D:2      | Slain by a gnoll

Vault maps used:
D:1:      kennysheep_arrival_seaside, kennysheep_doodads

Skill      XL: |  1  2 |
---------------+-------+-----
Staves         | 4 |  4.3
Armour         | 1 |  1.4
Fighting       | |  2.9
Throwing       | |  2.3
Dodging        | |  3.6

Action                   || total
-------------------------++-------
Melee: Quarterstaff      ||    44
       Headbutt          ||     5
       Mace              ||     7
Armor: Leather armour    ||    12
Dodge: Dodged            ||    44

Table legend:
 A = Spawn XP
 B = Non-spawn XP
 C = Spawn XP percentage of total XP
 D = Spawn monster count
 E = Non-spawn monster count
 F = Spawn count percentage of total count
 G = Total turns spent on level
                    A         B        C        D         E        F      G
               +---------+---------+-------+---------+---------+-------+---------
         Total |       0 |      65 |   0.0 |       0 |      31 |   0.0 |  1031
               +---------+---------+-------+---------+---------+-------+---------
           D:1 |       0 |      56 |   0.0 |       0 |      27 |   0.0 |  1007
           D:2 |       0 |       9 |   0.0 |       0 |       4 |   0.0 |    24
               +---------+---------+-------+---------+---------+-------+---------
